 Dungeon Crawl Stone Soup version 0.28-a0-687-gb91baff9cc (webtiles) character file.

Game seed: 15316956577369597676

25 mordus the Shield-Bearer (level 3, 0/29 HPs)
             Began as a Formicid Fighter on Oct 19, 2021.
             Slain by a gnoll (2 damage)
             ... on level 2 of the Dungeon.
             The game lasted 00:01:12 (1101 turns).

mordus the Shield-Bearer (Formicid Fighter)         Turns: 1101, Time: 00:01:12

Health: 0/29       AC:  6    Str: 21    XL:     3   Next: 17%
Magic:  3/3        EV:  9    Int:  7    God:
Gold:   37         SH:  4    Dex: 10    Spells: 2/2 levels left

rFire   . . .      SeeInvis +   a - +0 flail
rCold   . . .      Faith    .   c - +0 buckler
rNeg    . . .      Spirit   .   b - +0 scale mail
rPois   .          Reflect  .   (helmet unavailable)
rElec   .          Harm     .   (no cloak)
rCorr   .          Rampage  .   (no gloves)
Will    .....                   (no boots)
Stlth   ..........              (no amulet)
HPRegen 0.09/turn               (no ring)
MPRegen 0.08/turn               (no ring)

@: no status effects
A: permanent stasis, dig shafts and tunnels, antennae 3, four strong arms
a: Dig, Shaft Self


You were on level 2 of the Dungeon.
You visited 1 branch of the dungeon, and saw 2 of its levels.

You collected 37 gold pieces.

Inventory:

Hand Weapons
 a - a +0 flail (weapon)
Armour
 b - a +0 scale mail (worn)
 c - a +0 buckler (worn)
Jewellery
 g - an amulet of regeneration
Scrolls
 e - a scroll of teleportation {unknown}
 f - a scroll of noise {unknown}
 h - a scroll of identify {unknown}
 i - a scroll of fear {unknown}
Potions
 d - a potion of might
 j - a potion of heal wounds {unknown}


   Skills:
 - Level 3.2 Fighting
 * Level 2.8 Maces & Flails
 + Level 3.6 Armour
 + Level 4.0 Shields


You had 2 spell levels left.
You didn't know any spells.
Your spell library was empty.

Dungeon Overview and Level Annotations

Branches:
Dungeon (2/15)

Altars:

Shops:
D:2 ?


Innate Abilities, Weirdness & Mutations

You cannot be hasted, slowed, berserked, paralysed or teleported.
You can dig through walls and to a lower floor.
You have a pair of large antennae on your head. (SInv)
Your four strong arms can wield two-handed weapons with a shield.


Message History

There are monsters nearby!
You hit the jackal.
The jackal is severely wounded.
The jackal bites you. You block the jackal's attack. The jackal bites you.
You block the jackal's attack.
The gnoll hits you from afar with a +0 spear.
There are monsters nearby!
You barely miss the jackal.
The jackal is severely wounded.
The jackal bites you but does no damage.
You block the jackal's attack.
The gnoll hits you from afar with a +0 spear.
The jackal completely misses you. The jackal closely misses you.
There are monsters nearby!
You closely miss the jackal.
The jackal is severely wounded.
The jackal closely misses you.
The gnoll hits you from afar with a +0 spear.
The jackal bites you but does no damage.
The jackal barely misses you. The gnoll barely misses you.
The jackal bites you but does no damage.
You are too injured to fight recklessly!
You are too injured to fight recklessly!
You are too injured to fight recklessly!
You are too injured to fight recklessly!
You are too injured to fight recklessly!
You barely miss the jackal. You block the jackal's attack.
The gnoll hits you from afar with a +0 spear.
* * * LOW HITPOINT WARNING * * *
The jackal barely misses you.
You closely miss the jackal. The jackal barely misses you.
The gnoll hits you from afar with a +0 spear.
* * * LOW HITPOINT WARNING * * *
The jackal bites you but does no damage.
You hit the jackal but do no damage. You block the gnoll's attack.
The jackal stops to sniff the ground.
The jackal bites you but does no damage.
The jackal bites you but does no damage.
The gnoll hits you from afar with a +0 spear.
You die...

.### ####.. ... #..#.#
#######.# #..#.# .
.....##.## #..#.# ..(.
####..#..###..#.####......
.......#'#††..............
#####..+∩'...†##.###.....#
# #.##+###..##..##.....# #
#.# .......@........# #
#.. ##.....PhP......# #
#.. #...###g######## #
.... .....#...+ # .##.
###..#...# # . .. ...#...+
#{ ##### #


You could see a gnoll and a jackal.

Vanquished Creatures
  4 endoplasms
  A goblin (D:2)
  A hobgoblin (D:2)
  5 jackals
  4 kobolds
  A ball python (D:1)
  2 bats
  A frilled lizard (D:1)
  4 rats
23 creatures vanquished.

Notes
Turn   | Place    | Note
-------+----------+-------------------------------------------
     0 | D:1      | mordus the Formicid Fighter began the quest for the Orb.
     0 | D:1      | Reached XP level 1. HP: 18/18 MP: 1/1
   338 | D:1      | Reached XP level 2. HP: 24/24 MP: 2/2
   980 | D:2      | Found a faded altar of an unknown god.
  1031 | D:2      | Reached XP level 3. HP: 29/29 MP: 3/3
  1031 | D:2      | Found Quqet's Magic Scroll Shop.
  1044 | D:2      | Reached skill level 4 in Shields
  1101 | D:2      | Slain by a gnoll

Illustrated notes

Levels and vault maps discovered:
D:1:      amcnicky_arrival_abandoned_market, layout_basic, serial_bayou,
          serial_bayou_pond_d, serial_bayou_pond_a, serial_bayou_shore_b,
          serial_bayou_pond_d, serial_bayou_pond_a, serial_bayou_shore_b,
          minmay_misc_feat_enclosed, minmay_misc_feat_more_columns
D:2:      layout_basic, shapermc_ecumenical_altar_notcrosses, serial_shops,
          nicolae_shop_behind_doors, cheibrodos_gnoll_hut

Skill      XL: |  1  2  3 |
---------------+----------+-----
Shields        | 4 |  4.0
Fighting       | |  3.2
Maces & Flails | |  2.8
Armour         | |  3.6

Action                   || total
-------------------------++-------
Melee: Flail             ||    69
Armor: Scale mail        ||    38
Dodge: Dodged            ||    31
Block: Buckler           ||    21

Table legend: (Time is in decaauts)
 A = Elapsed time spent in this place.
 B = Non-inter-level travel time spent in this place.
 C = Inter-level travel time spent in this place.
 D = Time resting spent in this place.
 E = Time spent auto-exploring this place.
 F = Levels seen in this place.
 G = Mean time per level.
                   A        B        C        D        E       F      G
               +--------+--------+--------+--------+--------+-----+--------+
         Total |   1124 |   1104 |     20 |      0 |    932 |   2 |  562.0 |
       Dungeon |   1124 |   1104 |     20 |      0 |    932 |   2 |  562.0 |
               +--------+--------+--------+--------+--------+-----+--------+

Top non-repeatable levels by time:
     D:1: 876 daAuts
     D:2: 248 daAuts
